 Dungeon Crawl Stone Soup version 0.29.1-12-g30fa7ad0bf (webtiles) character file.

Game seed: 15976051812931674582

194 xzight the Shield-Bearer (level 5, -3/70 HPs)
             Began as a Gnoll Fighter on Dec 29, 2022.
             Killed from afar by an orc wizard (5 damage)
             ... with a puff of flame
             ... on level 3 of the Dungeon.
             The game lasted 00:03:24 (2517 turns).

xzight the Shield-Bearer (Gnoll Fighter)            Turns: 2517, Time: 00:03:25

Health: -3/70      AC: 22    Str: 15    XL:     5   Next: 73%
Magic:  7/7        EV:  2    Int:  9    God:
Gold:   116        SH:  5    Dex: 12    Spells: 7/7 levels left

rFire   . . .      SeeInvis .   a - +0 trident
rCold   . . .      Faith    .   c - +0 buckler
rNeg    . . .      Spirit   .   (body armour currently unavailable)
rPois   +          Reflect  .   (helmet currently unavailable)
rElec   .          Harm     .   (cloak currently unavailable)
rCorr   .          Rampage  .   (gloves currently unavailable)
Will    .....      NoTele   +   (boots currently unavailable)
Stlth   ++........              (no amulet)
HPRegen 0.21/turn               (no ring)
MPRegen 0.10/turn               (no ring)

@: lethally poisoned (-3 -> -19), tree-form
A: stationary, stasis, torment immunity, boosted hp, (fangs 1), strong nose,
distributed training
a: no special abilities


You were on level 3 of the Dungeon.
You were a tree.
You visited 1 branch of the dungeon, and saw 3 of its levels.

You collected 116 gold pieces.


Innate Abilities, Weirdness & Mutations

You are a tree.
Your roots penetrate the ground, keeping you stationary.
You cannot be teleported.
You are immune to unholy pain and torment.
Your maximum health is greatly increased.
Your equipment is partially melded.
((You have very sharp teeth.))
Your uncanny sense of smell can sniff out nearby items.
Your experience applies equally to all skills.


   Skills:
 + Level 6.7 Fighting
 + Level 1.7 Short Blades
 + Level 1.7 Long Blades
 + Level 1.7 Axes
 + Level 1.7 Maces & Flails
 + Level 4.9 Polearms
 + Level 1.7 Staves
 + Level 1.7 Ranged Weapons
 + Level 1.7 Throwing
 + Level 6.7 Armour
 + Level 1.7 Dodging
 + Level 1.7 Stealth
 + Level 6.7 Shields
 + Level 1.7 Unarmed Combat
 + Level 1.7 Spellcasting
 + Level 1.3 Conjurations
 + Level 1.3 Hexes
 + Level 1.3 Summonings
 + Level 1.3 Necromancy
 + Level 1.3 Translocations
 + Level 1.3 Transmutations
 + Level 1.3 Fire Magic
 + Level 1.3 Ice Magic
 + Level 1.3 Air Magic
 + Level 1.3 Earth Magic
 + Level 1.3 Poison Magic
 + Level 1.9 Invocations
 + Level 1.7 Evocations


You had 7 spell levels left.
You didn't know any spells.
Your spell library contained the following spells:

 Spells                   Type           Power      Damage    Failure   Level
 Beastly Appendage        Tmut           6%         N/A       26%         1
 Sandblast                Erth           6%         2d5       26%         1
 Passwall                 Tmut/Erth      2%         N/A       36%         2
 Wereblood                Tmut           3%         N/A       36%         2
 Portal Projectile        Hex/Tloc       6%         N/A       58%         3
 Spider Form              Tmut/Pois      3%         N/A       58%         3
 Stone Arrow              Conj/Erth      6%         3d7       58%         3
 Tukima's Dance           Hex            3%         N/A       58%         3
 Blade Hands              Tmut           1%         N/A       100%        5

Inventory:

Hand Weapons
 a - a +0 trident (weapon)
Missiles
 f - 6 poisoned darts (quivered)
Armour
 b - a +0 scale mail (melded)
 c - a +0 buckler (worn)
 i - a +0 helmet (melded)
Jewellery
 m - an amulet of faith {!P}
Scrolls
 e - 4 scrolls of identify {unknown}
 g - a scroll of immolation {unknown}
 h - a scroll of teleportation {unknown}
 j - a scroll of torment {unknown}
 k - a scroll of amnesia {unknown}
 n - a scroll of poison {unknown}
Potions
 d - a potion of might
 l - 2 potions of lignification

Dungeon Overview and Level Annotations

Branches:
Dungeon (3/15)

Altars:

Shops:
D:3

*? ##### .... #### # ...
...# .. ... ....#. ..
#.# ####...... #.#
#.#####........# #..
######.##...)[......#
#.##....)....#{♣...####.
#.>..####.#.##)#####
#...## #...##.# ##..##
#(.##..# ∆ ....#
#####.## ....## ∆
##.#####. ##...##∆
#........#
#.#..#⚑$oo.'.########
#..#.#$8$8.###


There were no monsters in sight!


Message History

The puff of flame hits you but does no damage.
It was a potion of curing.
You feel better. The orc hits you but does no damage.
Something hits you but does no damage.
Reach: a) +0 trident
Press: ? - help, Dir - move target You miss something.
Something hits you.
* * * LOW HITPOINT WARNING * * *
You are lethally poisoned!
The orc hits you but does no damage.
Reach: a) +0 trident
Press: ? - help, Dir - move target, f - orc
Aim: an orc, wielding a +0 flail (about 38% to evade your +0 trident)
You closely miss the orc.
* * * LOW HITPOINT WARNING * * *
You feel very sick. Something hits you but does no damage.
You are more poisoned.
The orc barely misses you.
Unknown command.
Reach: a) +0 trident
Press: ? - help, Dir - move target, f/p - orc
Aim: an orc, wielding a +0 flail (about 38% to evade your +0 trident)
You puncture the orc!
You kill the orc!
* * * LOW HITPOINT WARNING * * *
You feel very sick.
You hear some strange, mumbled words.
A puff of flame appears from out of thin air!
The puff of flame hits you.
You die...

Skill      XL: |  1  2  3  4 |
---------------+-------------+-----
Invocations    | 1 |  1.9
Short Blades   | 1 |  1.7
Long Blades    | 1 |  1.7
Axes           | 1 |  1.7
Maces & Flails | 1 |  1.7
Staves         | 1 |  1.7
Ranged Weapons | 1 |  1.7
Throwing       | 1 |  1.7
Dodging        | 1 |  1.7
Stealth        | 1 |  1.7
Unarmed Combat | 1 |  1.7
Spellcasting   | 1 |  1.7
Evocations     | 1 |  1.7
Conjurations   | 1 |  1.3
Hexes          | 1 |  1.3
Summonings     | 1 |  1.3
Necromancy     | 1 |  1.3
Translocations | 1 |  1.3
Transmutations | 1 |  1.3
Fire Magic     | 1 |  1.3
Ice Magic      | 1 |  1.3
Air Magic      | 1 |  1.3
Earth Magic    | 1 |  1.3
Poison Magic   | 1 |  1.3
Fighting       | |  6.7
Polearms       | |  4.9
Armour         | |  6.7
Shields        | |  6.7

Action                   |  1- 3 |  4- 6 || total
-------------------------+-------+-------++-------
Melee: Trident           |   148 |    88 ||   236
       Bite              |     9 |     9 ||    18
  Use: Potion            |       |     2 ||     2
Armor: Scale mail        |    46 |    34 ||    80
       Skin              |       |     6 ||     6
Dodge: Dodged            |    33 |    25 ||    58
Block: Buckler           |    31 |    10 ||    41

Levels and vault maps discovered:
D:1:      psy_arrival_statuary, layout_basic
D:2:      layout_loops_ring, shapermc_ecumenical_altar_pompeii
D:3:      layout_rooms, zin_statuary, nicolae_ru_awakened_eye, serial_shops,
          nicolae_diamond_shop, nicolae_shop_bloodbath_and_beyond, shop,
          nicolae_shop_waterfront, kennysheep_orc_chapel

Notes
Turn   | Place    | Note
-------+----------+-------------------------------------------
     0 | D:1      | xzight the Gnoll Fighter began the quest for the Orb.
     0 | D:1      | Reached XP level 1. HP: 23/23 MP: 1/1
   391 | D:1      | Reached XP level 2. HP: 24/29 MP: 2/2
   836 | D:1      | Reached XP level 3. HP: 35/35 MP: 3/3
  1454 | D:2      | Reached skill level 1 in Invocations
  1719 | D:2      | Reached skill level 1 in Short Blades
  1719 | D:2      | Reached skill level 1 in Long Blades
  1719 | D:2      | Reached skill level 1 in Axes
  1719 | D:2      | Reached skill level 1 in Maces & Flails
  1719 | D:2      | Reached skill level 1 in Staves
  1719 | D:2      | Reached skill level 1 in Ranged Weapons
  1719 | D:2      | Reached skill level 1 in Throwing
  1719 | D:2      | Reached skill level 1 in Dodging
  1719 | D:2      | Reached skill level 1 in Stealth
  1719 | D:2      | Reached skill level 1 in Unarmed Combat
  1719 | D:2      | Reached skill level 1 in Spellcasting
  1719 | D:2      | Reached skill level 1 in Evocations
  1812 | D:2      | Reached XP level 4. HP: 33/41 MP: 5/5
  1920 | D:2      | Reached skill level 1 in Conjurations
  1920 | D:2      | Reached skill level 1 in Hexes
  1920 | D:2      | Reached skill level 1 in Summonings
  1920 | D:2      | Reached skill level 1 in Necromancy
  1920 | D:2      | Reached skill level 1 in Translocations
  1920 | D:2      | Reached skill level 1 in Transmutations
  1920 | D:2      | Reached skill level 1 in Fire Magic
  1920 | D:2      | Reached skill level 1 in Ice Magic
  1920 | D:2      | Reached skill level 1 in Air Magic
  1920 | D:2      | Reached skill level 1 in Earth Magic
  1920 | D:2      | Reached skill level 1 in Poison Magic
  1987 | D:2      | Found a faded altar of an unknown god.
  2190 | D:3      | Found Joidov's Assorted Antiques.
  2224 | D:3      | Found Irhi's Magic Scroll Shop.
  2345 | D:3      | Reached XP level 5. HP: 32/47 MP: 5/7
  2513 | D:3      | HP: 5/70 [poisoned by an orc wizard]
  2517 | D:3      | HP: 2/70 [poisoned by an orc wizard]
  2517 | D:3      | Killed from afar by an orc wizard

Vanquished Creatures
  An orc priest (D:3)
  2 orc wizards (D:3)
  5 adders
  3 dart slugs
  7 orcs
  9 ball pythons
  A bat (D:1)
  5 endoplasms
  3 giant cockroaches
  4 goblins
  4 hobgoblins
  11 kobolds
  2 quokkas (D:2)
  4 frilled lizards
  A rat (D:1)
62 creatures vanquished.

Table legend: (Time is in decaauts)
 A = Elapsed time spent in this place.
 B = Non-inter-level travel time spent in this place.
 C = Inter-level travel time spent in this place.
 D = Time resting spent in this place.
 E = Time spent auto-exploring this place.
 F = Levels seen in this place.
 G = Mean time per level.
                   A        B        C        D        E       F      G
               +--------+--------+--------+--------+--------+-----+--------+
         Total |   2542 |   2401 |    141 |    224 |   1677 |   3 |  847.3 |
       Dungeon |   2542 |   2401 |    141 |    224 |   1677 |   3 |  847.3 |
               +--------+--------+--------+--------+--------+-----+--------+

Top non-repeatable levels by time:
     D:1: 1239 daAuts
     D:2: 970 daAuts
     D:3: 332 daAuts

Table legend:
 A = Non-vault XP
 B = Vault XP
 C = Vault XP percentage of total XP
 D = Non-vault monster count
 E = Vault monster count
 F = Vault count percentage of total count
                 A         B        C        D         E       F
            +---------+---------+-------+---------+---------+-------
      Total |     169 |     112 |  39.9 |      58 |       4 |   6.5
            +---------+---------+-------+---------+---------+-------
        D:1 |      36 |       0 |   0.0 |      22 |       0 |   0.0
        D:2 |      93 |       0 |   0.0 |      25 |       0 |   0.0
        D:3 |      40 |     112 |  73.7 |      11 |       4 |  26.7
            +---------+---------+-------+---------+---------+-------
